NCAA
ARIZONA STATE SUN DEVILS @ CLEMSON TIGERS
02/09/2060
 
TOP OF THE 1ST
Arizona State Sun Devils batting - Pitching for Clemson Tigers : RHP Elliot Hensley
Pitching: RHP Elliot Hensley
Batting: RHB Brian Reser 0-0: Called Strike
0-1: Called Strike
0-2: Foul Ball, location: 2F
0-2: Ball
1-2: Strikes out swinging
Batting: RHB Tony Walker 0-0: Called Strike
0-1: Ball
1-1: SINGLE (Groundball, 6MD, EV 96.9 MPH)
Batting: RHB Joey Bryan 0-0: Ball
1-0: Foul Ball, location: 2F
1-1: Ball
2-1: Ball
3-1: Fly out, F7 (Flyball, 78S, EV 88.1 MPH)
Batting: LHB Dallas Mayer 0-0: Ball
1-0: Ball
2-0: Called Strike
2-1: Ball
3-1: Fly out, F4 (Popup, 4S, EV 69.4 MPH)
Top of the 1st over - 0 runs, 1 hit, 0 errors, 1 left on base; Arizona State 0 - Clemson 0
BOTTOM OF THE 1ST
Clemson Tigers batting - Pitching for Arizona State Sun Devils : RHP Tierre Pequeno
Pitching: RHP Tierre Pequeno
Batting: SHB Brendan Stafford 0-0: Ball
1-0: Ground out U3 (Groundball, 3L, EV 76.2 MPH)
Batting: RHB Bryce Zinno 0-0: Foul Ball, location: 2F
0-1: DOUBLE (Line Drive, 3D, EV 95.6 MPH)
Batting: RHB Deontae Dennis 0-0: Ball
1-0: Ball
2-0: Ball
3-0: Called Strike
3-1: Foul Ball, location: 2F
3-2: Strikes out looking
Batting: LHB Jay Sharpe 0-0: Called Strike
0-1: Ball
1-1: Ball
2-1: Foul Ball, location: 2F
2-2: Foul Ball, location: 2F
2-2: Fly out, F8 (Line Drive, 8RD, EV 100.0 MPH)
Bottom of the 1st over - 0 runs, 1 hit, 0 errors, 1 left on base; Arizona State 0 - Clemson 0
TOP OF THE 2ND
Arizona State Sun Devils batting - Pitching for Clemson Tigers : RHP Elliot Hensley
Batting: RHB Shawn Michaels 0-0: Ball
1-0: SOLO HOME RUN (Flyball, 9D, EV 99.4 MPH), Distance : 384 ft
Batting: RHB Brian Yensen 0-0: Swinging Strike
0-1: Ball
1-1: Ball
2-1: Ball
3-1: Base on Balls
Batting: RHB DaVaris Sandalls 0-0: Called Strike
0-1: Foul Ball, location: 2F
0-2: Fielders Choice at 2nd, 3-6 (Groundball, 23, EV 90.0 MPH)
Batting: RHB Cole Lucas 0-0: Ball
1-0: Ball
2-0: Ball
3-0: Called Strike
3-1: Fly out, F8 (Flyball, 8LXD, EV 81.9 MPH)
Batting: RHB Vince Beach 0-0: Ball
1-0: SINGLE (Line Drive, 9S, EV 94.4 MPH)
DaVaris Sandalls to second
Runner from 2nd tries for 3rd, SAFE, no throw by RF
Batting: RHB Brian Reser 0-0: Ball
1-0: Ball
2-0: Called Strike
2-1: Swinging Strike
Balk!
DaVaris Sandalls scores
Vince Beach to second
2-2: Foul Ball, location: 2F
2-2: Ball
3-2: Base on Balls
Batting: RHB Tony Walker 0-0: Ball
1-0: Fly out, F7 (Flyball, 7S, EV 88.1 MPH)
Top of the 2nd over - 2 runs, 2 hits, 0 errors, 2 left on base; Arizona State 2 - Clemson 0
BOTTOM OF THE 2ND
Clemson Tigers batting - Pitching for Arizona State Sun Devils : RHP Tierre Pequeno
Batting: RHB Augustus Christensen 0-0: Ball
1-0: Ball
2-0: Called Strike
2-1: Ball
3-1: Foul Ball, location: 2F
3-2: Strikes out swinging
Batting: LHB Malik Williams 0-0: Ball
1-0: Called Strike
1-1: Foul Ball, location: 2F
1-2: Foul Ball, location: 2F
1-2: Foul Ball, location: 2F
1-2: Ball
2-2: Ball
3-2: Foul Ball, location: 2F
3-2: Fly out, F9 (Flyball, 9D, EV 85.6 MPH)
Batting: LHB Nat Ayala 0-0: Foul Ball, location: 2F
0-1: Called Strike
0-2: Ball
1-2: Ball
2-2: Ground out 4-3 (Groundball, 4, EV 90.6 MPH)
Bottom of the 2nd over - 0 runs, 0 hits, 0 errors, 0 left on base; Arizona State 2 - Clemson 0
TOP OF THE 3RD
Arizona State Sun Devils batting - Pitching for Clemson Tigers : RHP Elliot Hensley
Batting: RHB Joey Bryan 0-0: Called Strike
0-1: Fly out, F8 (Line Drive, 8LM, EV 84.4 MPH)
Batting: LHB Dallas Mayer 0-0: Ball
1-0: Called Strike
1-1: Foul Ball, location: 2F
1-2: Ball
2-2: SINGLE (Flyball, 8RS, EV 97.5 MPH)
Batting: RHB Shawn Michaels 0-0: Ball
1-0: Ball
2-0: Ball
3-0: Called Strike
3-1: Base on Balls
Dallas Mayer to second
Batting: RHB Brian Yensen 0-0: Ball
1-0: Foul Ball, location: 2F
1-1: Swinging Strike
1-2: Strikes out swinging
Batting: RHB DaVaris Sandalls 0-0: Ball
1-0: Ball
2-0: Foul Ball, location: 2F
2-1: Ball
3-1: Base on Balls
Dallas Mayer to third
Shawn Michaels to second
Batting: RHB Cole Lucas 0-0: Ball
1-0: Ball
2-0: GRAND SLAM HOME RUN (Flyball, 7LD, EV 91.2 MPH), Distance : 345 ft
Pitching: LHP Cody Gronewold
Batting: RHB Vince Beach 0-0: Called Strike
0-1: Ball
1-1: Ball
2-1: Foul Ball, location: 2F
2-2: Ball
3-2: Foul Ball, location: 2F
3-2: Foul Ball, location: 2F
3-2: SINGLE (Groundball, 56D, EV 98.1 MPH)
Batting: RHB Brian Reser 0-0: Ball
1-0: Ball
2-0: Called Strike
2-1: SINGLE (Groundball, 34S, EV 78.8 MPH) (infield hit)
Vince Beach to second
Batting: RHB Tony Walker 0-0: Ball
1-0: Ball
2-0: Ball
3-0: Base on Balls
Vince Beach to third
Brian Reser to second
Batting: RHB Joey Bryan 0-0: Ball
1-0: Ball
2-0: Ball
3-0: Base on Balls
Vince Beach scores
Brian Reser to third
Tony Walker to second
Batting: LHB Dallas Mayer 0-0: Ball
1-0: Swinging Strike
1-1: Ball
2-1: SINGLE (Flyball, 78S, EV 91.9 MPH)
Brian Reser scores
Tony Walker to third
Joey Bryan to second
Runner from 3rd tries for Home, throw by LF and OUT! 7-2
Top of the 3rd over - 6 runs, 5 hits, 0 errors, 2 left on base; Arizona State 8 - Clemson 0
BOTTOM OF THE 3RD
Clemson Tigers batting - Pitching for Arizona State Sun Devils : RHP Tierre Pequeno
Batting: RHB Jibri Quiroz 0-0: Ball
1-0: Ball
2-0: Fly out, F8 (Flyball, 8RXD, EV 103.8 MPH)
Batting: SHB Layne Cress 0-0: Ball
1-0: Foul Ball, location: 2F
1-1: Foul Ball, location: 2F
1-2: DOUBLE (Groundball, 5L, EV 109.4 MPH)
Batting: SHB Brendan Stafford 0-0: Ball
1-0: Called Strike
1-1: Swinging Strike
1-2: Ball
Wild Pitch!
Layne Cress to third
2-2: Ball
3-2: Strikes out looking
Batting: RHB Bryce Zinno 0-0: Called Strike
0-1: Foul Ball, location: 2F
0-2: Ball
1-2: Strikes out swinging
Bottom of the 3rd over - 0 runs, 1 hit, 0 errors, 1 left on base; Arizona State 8 - Clemson 0
TOP OF THE 4TH
Arizona State Sun Devils batting - Pitching for Clemson Tigers : LHP Cody Gronewold
Batting: RHB Shawn Michaels 0-0: Ball
1-0: Ball
2-0: Called Strike
2-1: Fly out, F8 (Flyball, 8LXD, EV 89.4 MPH)
Batting: RHB Brian Yensen 0-0: Swinging Strike
0-1: Ball
1-1: Ball
2-1: Foul Ball, location: 2F
2-2: Strikes out swinging
Batting: RHB DaVaris Sandalls 0-0: Ground out 4-3 (Groundball, 4, EV 92.5 MPH)
Top of the 4th over - 0 runs, 0 hits, 0 errors, 0 left on base; Arizona State 8 - Clemson 0
BOTTOM OF THE 4TH
Clemson Tigers batting - Pitching for Arizona State Sun Devils : RHP Tierre Pequeno
Batting: RHB Deontae Dennis 0-0: Ball
1-0: Ball
2-0: Ball
3-0: Called Strike
3-1: Base on Balls
Batting: LHB Jay Sharpe 0-0: Ball
1-0: Called Strike
Deontae Dennis is caught stealing 2nd base 2-6
1-1: Fly out, F7 (Line Drive, 78M, EV 85.6 MPH)
Batting: RHB Augustus Christensen 0-0: Ball
1-0: Ball
2-0: Ball
3-0: Called Strike
3-1: SINGLE (Line Drive, 3D, EV 103.1 MPH)
Batting: LHB Malik Williams 0-0: Ball
1-0: Ball
2-0: Called Strike
2-1: Swinging Strike
2-2: Foul Ball, location: 2F
2-2: Foul Ball, location: 2F
2-2: Foul Ball, location: 2F
2-2: Strikes out swinging
Bottom of the 4th over - 0 runs, 1 hit, 0 errors, 1 left on base; Arizona State 8 - Clemson 0
TOP OF THE 5TH
Arizona State Sun Devils batting - Pitching for Clemson Tigers : LHP Cody Gronewold
Batting: RHB Cole Lucas 0-0: Ball
1-0: Called Strike
1-1: Ball
2-1: Ground out 3-1 (Groundball, 34, EV 86.2 MPH)
Batting: RHB Vince Beach 0-0: Swinging Strike
0-1: Ball
1-1: Ball
2-1: Ball
3-1: Foul Ball, location: 2F
3-2: Strikes out swinging
Batting: RHB Brian Reser 0-0: Called Strike
0-1: Ball
1-1: Foul Ball, location: 2F
1-2: SINGLE (Groundball, 3D, EV 102.5 MPH)
Batting: RHB Tony Walker 0-0: Fly out, F9 (Line Drive, 9, EV 94.4 MPH)
Top of the 5th over - 0 runs, 1 hit, 0 errors, 1 left on base; Arizona State 8 - Clemson 0
BOTTOM OF THE 5TH
Clemson Tigers batting - Pitching for Arizona State Sun Devils : RHP Tierre Pequeno
Batting: LHB Nat Ayala 0-0: Foul Ball, location: 2F
0-1: Ball
1-1: Swinging Strike
1-2: Foul Ball, location: 2F
1-2: Ball
2-2: Strikes out swinging
Batting: RHB Jibri Quiroz 0-0: Called Strike
0-1: Ball
1-1: SOLO HOME RUN (Flyball, 78XD, EV 104.4 MPH), Distance : 406 ft
Batting: SHB Layne Cress 0-0: Ball
1-0: Ground out 6-3 (Groundball, 6, EV 91.9 MPH)
Batting: SHB Brendan Stafford 0-0: Fly out, F8 (Flyball, 8LS, EV 83.8 MPH)
Bottom of the 5th over - 1 run, 1 hit, 0 errors, 0 left on base; Arizona State 8 - Clemson 1
TOP OF THE 6TH
Arizona State Sun Devils batting - Pitching for Clemson Tigers : LHP Cody Gronewold
Batting: RHB Joey Bryan 0-0: Foul Ball, location: 2F
0-1: Ground out U3 (Groundball, 34, EV 87.5 MPH)
Batting: LHB Dallas Mayer 0-0: Swinging Strike
0-1: Ground out 4-3 (Groundball, 4, EV 81.2 MPH)
Batting: RHB Shawn Michaels 0-0: Foul Ball, location: 2F
0-1: Foul Ball, location: 2F
0-2: Ground out 4-3 (Groundball, 34, EV 100.6 MPH)
Top of the 6th over - 0 runs, 0 hits, 0 errors, 0 left on base; Arizona State 8 - Clemson 1
BOTTOM OF THE 6TH
Clemson Tigers batting - Pitching for Arizona State Sun Devils : RHP Tierre Pequeno
Pitching: RHP J.T. Bartel
Batting: RHB Bryce Zinno 0-0: Ball
1-0: Fly out, F6 (Flyball, 6D, EV 80.6 MPH)
Batting: RHB Deontae Dennis 0-0: Ball
1-0: Called Strike
1-1: Foul Ball, location: 2F
1-2: Ball
2-2: Foul Ball, location: 2F
2-2: Foul Ball, location: 2F
2-2: SINGLE (Groundball, 5S, EV 65.0 MPH) (infield hit)
Batting: LHB Jay Sharpe 0-0: Ball
Deontae Dennis is caught stealing 2nd base 2-6
1-0: Ball
2-0: Ball
3-0: Called Strike
3-1: Base on Balls
Batting: RHB Augustus Christensen 0-0: 2-RUN HOME RUN (Flyball, 78XD, EV 105.0 MPH), Distance : 429 ft
Batting: LHB Malik Williams 0-0: Called Strike
0-1: Ball
1-1: Foul Ball, location: 2F
1-2: Foul Ball, location: 2F
1-2: Strikes out swinging
Bottom of the 6th over - 2 runs, 2 hits, 0 errors, 0 left on base; Arizona State 8 - Clemson 3
TOP OF THE 7TH
Arizona State Sun Devils batting - Pitching for Clemson Tigers : LHP Cody Gronewold
Batting: RHB Brian Yensen 0-0: Called Strike
0-1: Called Strike
0-2: Ball
1-2: SINGLE (Groundball, 6MD, EV 103.8 MPH)
Pitching: RHP Curtis Campbell
Batting: RHB DaVaris Sandalls 0-0: Called Strike
0-1: Ball
1-1: Ball
2-1: Foul Ball, location: 2F
2-2: DOUBLE (Line Drive, 89D, EV 99.4 MPH)
Brian Yensen to third
Runner from 3rd tries for Home, SAFE, throw by RF to home
Batting: RHB Cole Lucas 0-0: Called Strike
0-1: Swinging Strike
0-2: Ball
1-2: Ball
2-2: Foul Ball, location: 2F
2-2: Strikes out swinging
Batting: RHB Vince Beach 0-0: Foul Ball, location: 2F
0-1: Ball
1-1: Swinging Strike
1-2: Ball
2-2: Strikes out looking
Batting: RHB Brian Reser 0-0: Ball
1-0: Called Strike
1-1: Ball
2-1: Ball
3-1: SINGLE (Groundball, 6MD, EV 98.8 MPH)
DaVaris Sandalls to third
Runner from 3rd tries for Home, SAFE, throw by CF to home
Brian Reser to second
Batting: RHB Tony Walker 0-0: Ball
1-0: Ball
2-0: Ball
3-0: Called Strike
3-1: Base on Balls
Batting: RHB Joey Bryan 0-0: Swinging Strike
0-1: Swinging Strike
0-2: Fly out, F6 (Popup, P, EV 83.1 MPH)
Top of the 7th over - 2 runs, 3 hits, 0 errors, 2 left on base; Arizona State 10 - Clemson 3
BOTTOM OF THE 7TH
Clemson Tigers batting - Pitching for Arizona State Sun Devils : RHP J.T. Bartel
Batting: LHB Nat Ayala 0-0: Ball
1-0: Ball
2-0: Called Strike
2-1: Ball
3-1: Fly out, F4 (Line Drive, 4, EV 74.4 MPH)
Batting: RHB Jibri Quiroz 0-0: Ball
1-0: Called Strike
1-1: Ball
2-1: Foul Ball, location: 2F
2-2: Ground out 4-3 (Groundball, 4, EV 86.9 MPH)
Batting: SHB Layne Cress 0-0: Swinging Strike
0-1: Foul Ball, location: 2F
0-2: Strikes out looking
Bottom of the 7th over - 0 runs, 0 hits, 0 errors, 0 left on base; Arizona State 10 - Clemson 3
TOP OF THE 8TH
Arizona State Sun Devils batting - Pitching for Clemson Tigers : RHP Curtis Campbell
Batting: LHB Dallas Mayer 0-0: Called Strike
0-1: Ball
1-1: Fly out, F6 (Popup, 6MS, EV 65.6 MPH)
Batting: RHB Shawn Michaels 0-0: SINGLE (Line Drive, 8LS, EV 90.0 MPH)
Batting: RHB Brian Yensen 0-0: Ball
1-0: Called Strike
1-1: Swinging Strike
1-2: Ball
2-2: Ball
3-2: Fielders Choice at 2nd, 1-4 (Groundball, P, EV 61.9 MPH)
Pitching: LHP Jeremy Martin
Batting: RHB DaVaris Sandalls 0-0: Ball
1-0: Called Strike
1-1: DOUBLE (Line Drive, 7LD, EV 103.1 MPH)
Brian Yensen to third
Runner from 3rd tries for Home, throw by LF and OUT! 7-6-2
Top of the 8th over - 0 runs, 2 hits, 0 errors, 1 left on base; Arizona State 10 - Clemson 3
BOTTOM OF THE 8TH
Clemson Tigers batting - Pitching for Arizona State Sun Devils : RHP J.T. Bartel
Batting: SHB Brendan Stafford 0-0: Ball
1-0: DOUBLE (Line Drive, 7LD, EV 105.6 MPH)
Batting: RHB Bryce Zinno 0-0: Ball
1-0: Foul Ball, location: 2F
1-1: DOUBLE (Line Drive, 89D, EV 113.1 MPH)
Brendan Stafford scores
Pitching: RHP Clifford Heineman
Batting: RHB Deontae Dennis 0-0: Ball
1-0: Called Strike
1-1: Foul Ball, location: 2F
1-2: Ball
2-2: Foul Ball, location: 2F
2-2: 2-RUN HOME RUN (Flyball, 78XD, EV 108.1 MPH), Distance : 411 ft
Batting: LHB Jay Sharpe 0-0: Ball
1-0: Called Strike
1-1: Ground out 4-3 (Groundball, 4, EV 111.2 MPH)
Batting: RHB Augustus Christensen 0-0: Foul Ball, location: 2F
0-1: Ball
1-1: Ground out 4-3 (Groundball, 4, EV 78.1 MPH)
Batting: LHB Malik Williams 0-0: Ball
1-0: Called Strike
1-1: Foul Ball, location: 2F
1-2: Ground out 6-3 (Groundball, 6, EV 93.1 MPH)
Bottom of the 8th over - 3 runs, 3 hits, 0 errors, 0 left on base; Arizona State 10 - Clemson 6
TOP OF THE 9TH
Arizona State Sun Devils batting - Pitching for Clemson Tigers : LHP Jeremy Martin
Batting: RHB Cole Lucas 0-0: Fly out, F9 (Flyball, 89M, EV 82.5 MPH)
Batting: RHB Vince Beach 0-0: Ball
1-0: Foul Ball, location: 2F
1-1: DOUBLE (Line Drive, 89D, EV 113.8 MPH) - OUT at third base trying to stretch hit.
Batting: RHB Brian Reser 0-0: Foul Ball, location: 2F
0-1: Ball
1-1: SINGLE (Groundball, 34D, EV 95.0 MPH)
Batting: RHB Tony Walker 0-0: Fly out, F8 (Flyball, 8LD, EV 87.5 MPH)
Top of the 9th over - 0 runs, 2 hits, 0 errors, 1 left on base; Arizona State 10 - Clemson 6
BOTTOM OF THE 9TH
Clemson Tigers batting - Pitching for Arizona State Sun Devils : RHP Clifford Heineman
Batting: LHB Nat Ayala 0-0: Called Strike
0-1: Foul Ball, location: 2F
0-2: Foul Ball, location: 2F
0-2: Ball
1-2: Ball
2-2: Ball
3-2: Foul Ball, location: 2F
3-2: DOUBLE (Flyball, 78D, EV 97.5 MPH)
Batting: RHB Jibri Quiroz 0-0: DOUBLE (Flyball, 78D, EV 90.0 MPH)
Nat Ayala scores
Pitching: RHP James Wahl
Batting: SHB Layne Cress 0-0: Ball
1-0: Foul Ball, location: 2F
1-1: Called Strike
1-2: Ground out 6-3 (Groundball, 56, EV 105.0 MPH)
Batting: SHB Brendan Stafford 0-0: Ball
1-0: Ball
2-0: Foul Ball, location: 2F
2-1: Ball
3-1: Foul Ball, location: 2F
3-2: Strikes out looking
Batting: RHB Bryce Zinno 0-0: SINGLE (Line Drive, 34D, EV 103.1 MPH)
Jibri Quiroz to third
Batting: RHB Deontae Dennis 0-0: Ball
1-0: Called Strike
1-1: Swinging Strike
1-2: Ball
2-2: Foul Ball, location: 2F
2-2: DOUBLE (Line Drive, 7LD, EV 107.5 MPH)
Jibri Quiroz scores
Bryce Zinno to third
Batting: LHB Jay Sharpe 0-0: Ball
1-0: Called Strike
1-1: Foul Ball, location: 2F
1-2: Strikes out swinging
Bottom of the 9th over - 2 runs, 4 hits, 0 errors, 2 left on base; Arizona State 10 - Clemson 8
Sunday, April 14th , 2024 - OOTP Baseball 23.10 Build 110